AoeStats
← carlobanchon

Arabian Desert

510423436Analyzed
1v1 RM · 2d ago on Sep 30, 2026· 47m 6s· 2 players
Game mode
Random Map
Map size
Tiny (2 player)
Population
200
Speed
Normal
Resources
Standard
Victory
Conquest
Starting age
Dark Age
Ending age
Imperial Age
RankedLock teamsTeams togetherTeam positionsShared explorationLock speedFull tech treeHidden civsTurbo modeCheats
Victory
Defeat
🇪🇨 Japanese · Ecuador
1158
+17
🇦🇷 Lithuanians · Argentina
1188
-17
javier_orquera955
7:24 Loom
9:55 Feudal Age
10:57 Double-Bit Axe
24:44 Castle Age
23:23 Gold Mining
23:52 Scale Barding Armor
24:47 Forging
25:29 Bloodlines
25:34 Husbandry
26:04 Horse Collar
29:59 Chain Barding Armor
30:34 Wheelbarrow
43:25 Imperial Age
45:28 Cavalier
carlobanchon
6:15 Loom
9:10 Feudal Age
9:20 Man-at-Arms
13:29 Wheelbarrow
14:52 Double-Bit Axe
21:32 Castle Age
20:30 Scale Barding Armor
20:36 Forging
20:34 Horse Collar
20:59 Gold Mining
21:36 Light Cavalry
25:52 Fervor
26:22 Bloodlines
27:25 Fletching
29:10 Chain Barding Armor
32:16 Iron Casting
33:19 Husbandry
34:03 Devotion
44:15 Imperial Age
41:28 Pikeman
42:47 Town Watch
44:38 Scale Mail Armor
45:01 Heavy Plow
44:31 Cavalier
46:16 Cavalier
Connection lost

Rejoining the realm…

Still unreachable

The connection could not be restored.

Session expired

The server has moved on; the page needs a fresh start.